 Dungeon Crawl Stone Soup version 0.14-a0-1546-g4b4961f (webtiles) character file.

438 M4edhros the Ducker (level 6, -19/42 HPs)
             Began as an Octopode Chaos Knight on Dec 19, 2013.
             Was a Plaything of Xom.
             Demolished by an ogre
             ... wielding a +0,+0 giant spiked club
              (21 damage)
             ... on Level 4 of the Dungeon.
             The game lasted 00:03:23 (2754 turns).

M4edhros the Ducker (Octopode Chaos Knight)         Turns: 2754, Time: 00:03:23

HP -19/42        AC  1     Str 11      XL: 6   Next: 42%
MP   6/6         EV 14     Int 17      God: Xom
Gold 127         SH  0     Dex 11      Spells:  0 memorised,  5 levels left

rFire  + . .     SeeInvis .     q - +1 trident
rCold  x . .     Clarity  .     (no shield)
rNeg   . . .     Conserve .     (helmet restricted)
rPois  .         rCorr    .     (no amulet)
rElec  .         rRot     .     j - ring of fire
SustAb . .       Spirit   .     (no ring)
rMut   .         Warding  .     (no ring)
Saprov . . .     Stasis   .     (no ring)
                                (no ring)
                                (no ring)
                                (no ring)
                                (no ring)

@: slightly resistant to hostile enchantments, fairly stealthy
A: almost no armour, amphibious, 8 rings, constrict 8, camouflage 1, gelatinous
body 1
a: Renounce Religion


You were on level 4 of the Dungeon.
You worshipped Xom.
You were a plaything of Xom.
You were near starving.

You visited 1 branch of the dungeon, and saw 4 of its levels.

You collected 127 gold pieces.

Inventory:

Hand weapons
 a - a +0,+0 spear of chaos
 q - a +1,+1 trident (weapon)
Comestibles
 c - 3 bread rations
 g - 3 meat rations
Scrolls
 b - a scroll of amnesia {unknown}
 d - 6 scrolls of identify {unknown}
 e - 3 scrolls of remove curse {unknown}
 f - a scroll of enchant weapon I {unknown}
 i - 2 scrolls of teleportation {unknown}
 k - 4 scrolls of curse weapon {unknown}
 l - 3 scrolls of immolation {unknown}
 m - a scroll of enchant weapon II {unknown}
 n - 2 scrolls of magic mapping {unknown}
 p - 2 scrolls of blinking {unknown}
Jewellery
 j - a ring of fire (left tentacle)


   Skills:
 - Level 3.0 Fighting
 - Level 5.0 Polearms
 + Level 5.3 Dodging


You had 5 spell levels left.
You didn't know any spells.

Dungeon Overview and Level Annotations

Branches:
Dungeon (4/16)
 Temple: D:4-7

Altars:


Innate Abilities, Weirdness & Mutations

You cannot wear most types of armour.
You are amphibious.
You can wear up to eight rings at the same time.
You can use your tentacles to constrict many enemies at once.
Your skin changes colour to match your surroundings (Stlth).
Your rubbery body absorbs attacks (AC +1).


Message History

* * * LOW HITPOINT WARNING * * *
Drink which item? (? for menu, Esc to quit)
You feel better.
The ogre hits you with a giant spiked club!
* * * LOW HITPOINT WARNING * * *
Evoke which item? (* to show all) (? for menu, Esc to quit)
Okay, then.
Read which item? (? for menu, Esc to quit)
Okay, then.
You hit the ogre.
The ogre is heavily wounded.
You hit the ogre.
The ogre is severely wounded.
The ogre closely misses you.
You hit the ogre. Your squeeze misses the ogre.
The ogre is almost dead.
The ogre hits you with a giant spiked club!
Ouch! That really hurt!
You die...
Xom titters!

.. .. ..### #####
.....
.......##########.
.#...
.%.....O@......#..
.##.#
##############.#.#
.##.# #.#.# .##.#
#.#.# .##.###
#.#.# ......#
#...# ###.#.#
##..# # #...#
##### #..#
###...##
#####>..####..#


You could see an ogre.

Vanquished Creatures
  A scorpion (D:4)
  2 orc priests (D:3)
  An orc wizard (D:3)
  Terence (D:2)
  10 adders
  An inept feature mimic (D:3)
  An adder skeleton (D:4)
  3 giant geckos
  2 oozes
  2 orcs (D:3)
  9 bats
  A bat skeleton (D:4)
  5 giant cockroaches
  15 hobgoblins
  2 jackals (D:1)
  6 ball pythons
  3 giant newts
  5 goblins
  11 kobolds
  2 quokkas
  12 rats
95 creatures vanquished.

Notes
Turn   | Place    | Note
--------------------------------------------------------------
     0 | D:1      | M4edhros, the Octopode Chaos Knight, began the quest for the Orb.
     0 | D:1      | Reached XP level 1. HP: 16/16 MP: 1/1
    31 | D:1      | XOM: harmless Divn miscast
    51 | D:1      | Reached XP level 2. HP: 18/21 MP: 2/2
   163 | D:1      | Reached skill level 4 in Polearms
   305 | D:1      | Reached XP level 3. HP: 26/26 MP: 3/3
   509 | D:2      | XOM: inner flame monster(s)
   655 | D:2      | Noticed Terence
   661 | D:2      | Killed Terence
   739 | D:2      | Reached XP level 4. HP: 31/31 MP: 4/4
  1044 | D:2      | Reached skill level 5 in Polearms
  1263 | D:2      | XOM: scenery: 3 doors close
  1434 | D:3      | XOM: silly message
  1620 | D:3      | Reached XP level 5. HP: 36/36 MP: 5/5
  1903 | D:3      | Reached XP level 6. HP: 8/42 MP: 6/6
  2003 | D:3      | Reached skill level 5 in Dodging
  2245 | D:3      | XOM: colour smoke trail
  2253 | D:3      | XOM: harmless Ice miscast
  2751 | D:4      | HP: 2/42 [ogre/giant spiked club (16)]
  2754 | D:4      | Demolished by an ogre

Action                   |  1- 3 |  4- 6 || total
-------------------------+-------+-------++-------
Melee: Spear             |   104 |   115 ||   219
       Trident           |       |    35 ||    35
  Use: Potion            |       |     7 ||     7
 Stab: Sleeping          |     5 |    11 ||    16
       Paralysed         |     4 |       ||     4
